 Dungeon Crawl Stone Soup version 0.31-a0-803-g95b03c3367 (webtiles) character file.

Game seed: 3052579874946745895

128 Armakuni the Twirler (level 5, 0/37 HPs)
             Began as a Human Wanderer on Sept 21, 2023.
             Slain by an iguana (3 damage)
             ... on level 4 of the Dungeon.
             The game lasted 00:06:27 (2527 turns).

Armakuni the Twirler (Human Wanderer)               Turns: 2527, Time: 00:06:27

Health: 0/37       AC:  6    Str: 13 (15) XL:     5   Next: 34%
Magic:  8/8        EV: 10    Int: 11 (12) God:
Gold:   35         SH:  0    Dex: 14 (17) Spells: 8/8 levels left

rFire   . . .        a - +2 quarterstaff
rCold   . . .        (shield currently unavailable)
rNeg    . . .        i - +0 ring mail
rPois   .            (no helmet)
rElec   .            (no cloak)
rCorr   .            (no gloves)
SInv    .            c - +0 pair of boots of Hopscotch {Dex+3}
Will    .....        (no amulet)
Stlth   +            (no ring)
HPRegen 0.26/turn    (no ring)
MPRegen 0.11/turn

%: no passive effects
@: no status effects
A: talons 1, strong 1
a: no special abilities


You were on level 4 of the Dungeon.
You visited 1 branch of the dungeon, and saw 4 of its levels.

You collected 206 gold pieces.
You spent 171 gold pieces at shops.

Inventory:

Hand Weapons
 a - a +2 quarterstaff (weapon)
 b - a +0 sling
Armour
 c - the +0 pair of boots of Hopscotch (worn) {Dex+3}
   (You bought it in a shop on level 1 of the Dungeon)

   Dex+3:     It affects your dexterity (+3).
 i - a +0 ring mail (worn)
Magical Staves
 j - a staff of earth
Jewellery
 k - a ring of wizardry
 m - a ring of ice
Wands
 p - a wand of polymorph (3) (quivered)
Scrolls
 d - 2 scrolls of torment
 e - 2 scrolls of teleportation


   Skills:
 - Level 1.0 Fighting
 + Level 5.1 Staves
 - Level 2.0 Spellcasting
 - Level 1.0 Air Magic
 - Level 4.0 Evocations


You had 8 spell levels left.
You didn't know any spells.
Your spell library contained the following spells:

 Spells                   Type           Power      Damage    Failure   Level
 Static Discharge         Conj/Air       4%         2-3/arc   61%         2
 Cigotuvi's Dreadful Rot  Necr/Pois/Air  2%         N/A       63%         2


Dungeon Overview and Level Annotations

Branches:
Dungeon (4/15)
 Temple: D:4-7

Altars:

Shops:
D:1 ?(*?   D:2 (   D:3 (


Innate Abilities, Weirdness & Mutations

You have sharp toenails.
Your muscles are strong. (Str +4, Int/Dex -1)


Message History

Found a scroll of vulnerability.
Found a falchion.
An iguana comes into view.
The iguana hisses angrily.
You barely miss the giant cockroach. The giant cockroach barely misses you.
You sock the giant cockroach!
You kill the giant cockroach!
The iguana closely misses you.
You closely miss the iguana. The iguana bites you.
You hit the iguana.
The iguana is lightly wounded.
The iguana bites you.
You closely miss the iguana.
The iguana is lightly wounded.
The iguana bites you!
You hit the iguana.
The iguana is moderately wounded.
The iguana bites you.
You are too injured to fight recklessly!
You are too injured to fight recklessly!
Okay, then.
It was a potion of degeneration.
There was something very wrong with that liquid.
You feel weakened.
You feel dopey.
You feel clumsy. The iguana bites you.
You hit the iguana but do no damage.
The iguana is moderately wounded.
The iguana bites you.
* * * LOW HITPOINT WARNING * * *
You hit the iguana.
The iguana is severely wounded.
The iguana barely misses you.
You hit the iguana but do no damage.
The iguana is severely wounded.
The iguana bites you!
* * * LOW HITPOINT WARNING * * *
You hit the iguana.
The iguana is almost dead.
The iguana bites you.
You die...

.# ..........
.#.# #.........
..#.##.........
#...............
#....?..........
..............).
#......l.......
+......@.......
##..............
................
####.#.########
#.#.# #.#.#
#.#'######...##
#......##.....#
#......##.....#


You could see an iguana.

Vanquished Creatures
  An orc wizard (D:3)
  3 adders
  A worm (D:2)
  3 dart slugs
  3 orcs (D:3)
  3 bats
  4 endoplasms
  2 giant cockroaches
  8 goblins
  4 hobgoblins
  11 jackals
  3 quokkas
  4 ball pythons
  5 kobolds
  5 rats
60 creatures vanquished.

Notes
Turn   | Place    | Note
-------+----------+-------------------------------------------
     0 | D:1      | Armakuni the Human Wanderer began the quest for the Orb.
     0 | D:1      | Armakuni set off with the following items: a +2
                  | quarterstaff, a wand of polymorph (3), a potion of
                  | attraction, a +0 leather armour; and the following spells
                  | available to memorise: Static Discharge, Cigotuvi's
                  | Dreadful Rot.
     0 | D:1      | Reached XP level 1. HP: 15/15 MP: 3/3
    66 | D:1      | Found Tadwe's Magic Scroll Boutique.
   104 | D:1      | Found Haucweuf's Assorted Antiques.
   109 | D:1      | Reached XP level 2. HP: 21/21 MP: 5/5
   495 | D:1      | Reached skill level 3 in Staves
   619 | D:1      | Found Ubbuv's Antique Weapon Shop.
   664 | D:1      | Found Mejames's Antique Armour Boutique.
   670 | D:1      | Reached XP level 3. HP: 22/26 MP: 6/6
   742 | D:1      | Found Qonku's Magic Scroll Shop.
   891 | D:2      | Found a faded altar of an unknown god.
  1023 | D:2      | Found Zeoman's Antique Weapon Emporium.
  1128 | D:2      | Reached skill level 4 in Staves
  1128 | D:2      | Reached XP level 4. HP: 23/32 MP: 7/7
  1896 | D:3      | Found a transporter.
  2006 | D:3      | Reached XP level 5. HP: 9/37 MP: 8/8
  2014 | D:3      | Gained mutation: Your muscles are strong. (Str +4, Int/Dex
                  | -1) [potion of mutation]
  2014 | D:3      | Gained mutation: You have sharp toenails. [potion of
                  | mutation]
  2167 | D:1      | Bought a pair of slimy boots for 171 gold pieces
  2167 | D:1      | Identified the +0 pair of boots of Hopscotch {Dex+3} (You
                  | bought it in a shop on level 1 of the Dungeon)
  2239 | D:3      | Reached skill level 5 in Staves
  2278 | D:3      | Found a transporter.
  2278 | D:3      | Found Kuotat's Weapon Boutique.
  2527 | D:4      | Slain by an iguana

Illustrated notes

Levels and vault maps discovered:
D:1:      co_arrival_random_square_maze, layout_basic, serial_shops, shop, shop,
          shop, shop, nicolae_shop_rolled_up
D:2:      layout_basic, basic_ecumenical_altar, serial_shops, shop,
          grunt_ministairs_13
D:3:      layout_loops_ring, serial_shops, nicolae_shop_drivethru
D:4:      layout_basic, tso_oasis_becter, minmay_ruined_shrine

Skill      XL: |  1  2  3  4  5 |
---------------+----------------+-----
Staves         | 3 4 5 |  5.1
Fighting       | |  1.0
Spellcasting   | |  2.0
Air Magic      | |  1.0
Evocations     | |  4.0

Action                     |  1- 3 |  4- 6 || total
---------------------------+-------+-------++-------
  Melee: Quarterstaff      |    84 |    83 ||   167
    Use: Scroll            |     1 |     5 ||     6
         Potion            |       |     5 ||     5
 Armour: Leather armour    |    14 |       ||    14
         Ring mail         |    44 |    60 ||   104
  Dodge: Dodged            |    32 |    32 ||    64

Table legend: (Time is in decaauts)
 A = Elapsed time spent in this place.
 B = Non-inter-level travel time spent in this place.
 C = Inter-level travel time spent in this place.
 D = Time resting spent in this place.
 E = Time spent auto-exploring this place.
 F = Levels seen in this place.
 G = Mean time per level.
                   A        B        C        D        E       F      G
               +--------+--------+--------+--------+--------+-----+--------+
         Total |   2529 |   2300 |    229 |    115 |   1695 |   4 |  632.2 |
       Dungeon |   2529 |   2300 |    229 |    115 |   1695 |   4 |  632.2 |
               +--------+--------+--------+--------+--------+-----+--------+

Top non-repeatable levels by time:
     D:1: 935 daAuts
     D:2: 744 daAuts
     D:3: 729 daAuts
     D:4: 120 daAuts
